 Dungeon Crawl Stone Soup version 0.31-a0-978-g1e143483b6 (webtiles) character file.

Game seed: 15886039233710916303

79 sammy202020 the Ruffian (level 4, -1/61 HPs)
             Began as a Troll Shapeshifter on Oct 30, 2023.
             Slain by a goblin
             ... wielding a +0 club
             ... led by Robin
              (5 damage)
             ... on level 2 of the Dungeon.
             The game lasted 00:02:11 (540 turns).

sammy202020 the Ruffian (Troll Shapeshifter)         Turns: 540, Time: 00:02:12

Health: -1/61      AC: 22    Str: 22    XL:     4   Next: 17%
Magic:  3/3        EV:  1    Int:  8    God:
Gold:   54         SH:  0    Dex:  9    Spells: 3/3 levels left

rFire   . .          .
                       - Unarmed
rCold   . . .        (no shield)
rNeg    . . .        a - melded +0 animal skin
rPois   +            (helmet currently unavailable)
rElec   .            (cloak currently unavailable)
rCorr   .            (gloves unavailable)
SInv    .            (boots unavailable)
Will    .....        h - amulet of magic regeneration
Stlth   +            (no ring)
HPRegen 1.10/turn    (no ring)
MPRegen 0.48/turn

%: no passive effects
@: tree-form
A: stationary, stasis, torment immunity, boosted hp, large, unfitting armour,
(claws 3), regeneration 1, (shaggy fur 1), (tough skin 1)
a: no special abilities


You were on level 2 of the Dungeon.
You were a tree.
You visited 1 branch of the dungeon, and saw 2 of its levels.

You collected 54 gold pieces.

Inventory:

Armour
 a - a +0 animal skin (melded)
 f - a +0 cloak
Jewellery
 h - an amulet of magic regeneration (around neck)
 m - a ring of willpower
Talismans
 c - a beast talisman (active)
 d - a flux talisman
Scrolls
 e - 2 scrolls of identify {unknown}
 l - 2 scrolls of teleportation {unknown}
Potions
 g - a potion of curing {unknown}
 i - 2 potions of might {unknown}
 j - 2 potions of enlightenment {unknown}
 k - a potion of heal wounds {unknown}


   Skills:
 * Level 1.5 Fighting
 + Level 0.6 Armour
 * Level 2.3 Dodging
 * Level 3.6 Unarmed Combat
 + Level 3.2 Shapeshifting


You had 3 spell levels left.
You didn't know any spells.
Your spell library contained the following spells:

 Spells                   Type           Power      Damage    Failure   Level
 Lesser Beckoning         Tloc           0%         N/A       54%         2
 Poisonous Vapours        Pois/Air       0%         N/A       54%         2
 Gell's Gravitas          Tloc           0%         N/A       78%         3
 Mephitic Cloud           Conj/Pois/Air  0%         N/A       78%         3
 Teleport Other           Tloc           0%         N/A       78%         3
 Freezing Cloud           Conj/Ice/Air   0%         6-21      100%        5


Dungeon Overview and Level Annotations

Branches:
Dungeon (2/15)

Altars:

Shops:
D:1 [


Innate Abilities, Weirdness & Mutations

You are a tree.
Your roots penetrate the ground, keeping you stationary.
You cannot be teleported.
You are immune to unholy pain and torment.
Your maximum health is greatly increased.
Your equipment is partially melded.
You are too large for most types of armour.
((You have claws for hands.))
Your natural rate of healing is unusually fast.
((You are covered in fur. (AC +1)))
((You have tough skin. (AC +1)))


Message History

You scratch Robin. You claw Robin!
Robin is severely wounded.
The goblin hits you with a +0 club. Robin hits you but does no damage.
The quokka completely misses you. The goblin hits you with a +0 club.
You claw Robin!
You kill Robin!
The quokka misses you. The goblin hits you but does no damage.
The goblin shoots a sling bullet.
The sling bullet hits you but does no damage.
Unknown command.
You completely miss the goblin.
The quokka bites you but does no damage.
The goblin barely misses you. The hobgoblin hits you.
The goblin hits you with a +0 club.
* * * LOW HITPOINT WARNING * * *
The goblin shoots a sling bullet.
The sling bullet closely misses you.
Unknown command.
The goblin hits you with a +0 club.
* * * LOW HITPOINT WARNING * * *
The goblin unwields a +0 sling.
The goblin wields a +0 club.
The goblin hits you with a +0 club.
* * * LOW HITPOINT WARNING * * *
The quokka bites you.
* * * LOW HITPOINT WARNING * * *
Things that are here:
a +0 dagger; a stone; 12 gold pieces Your transformation has ended.
You turn into a tree.
Your +0 animal skin melds into your body.
Your roots penetrate the ground.
The hobgoblin no longer looks unusually strong.
The goblin hits you with a +0 club.
* * * LOW HITPOINT WARNING * * *
The goblin hits you but does no damage. The quokka bites you.
* * * LOW HITPOINT WARNING * * *
You pummel the goblin!!
You kill the goblin!
The quokka bites you but does no damage.
The goblin hits you but does no damage. The goblin hits you with a +0 club.
You die...

...... .. .....#
... ....#########
...##............#
....#............#
....#...........#
#...).......$.#
#.).)g.......#
#.))r♣.......#
##..gg....=..#
#....)......#
#.....††....#
#...........#
#..........[#
##..$......##
##........#
#.....†..#


You could see a quokka, a hobgoblin and 2 goblins.

Vanquished Creatures
  Robin (D:2)
  2 adders (D:2)
  2 dart slugs
  5 ball pythons
  An endoplasm (D:1)
  7 giant cockroaches
  7 goblins (D:2)
  4 hobgoblins
  3 jackals (D:2)
  4 kobolds
  A quokka (D:2)
  3 bats
  2 rats (D:1)
42 creatures vanquished.

Notes
Turn   | Place    | Note
-------+----------+-------------------------------------------
     0 | D:1      | sammy202020 the Troll Shapeshifter began the quest for the
                  | Orb.
     0 | D:1      | Reached XP level 1. HP: 18/18 MP: 0/0
     2 | D:1      | Noticed an octopode
     2 | D:1      | Noticed an elf
     4 | D:1      | Noticed a felid
     6 | D:1      | Noticed a meteoran
     8 | D:1      | Noticed a formicid
     8 | D:1      | Noticed a spriggan
    10 | D:1      | Noticed a human
    10 | D:1      | Noticed a draconian
    12 | D:1      | Noticed a naga
    12 | D:1      | Noticed a tengu
    14 | D:1      | Noticed a gargoyle
    14 | D:1      | Noticed a demigod
    16 | D:1      | Noticed a vine stalker
    16 | D:1      | Noticed an armataur
    18 | D:1      | Noticed a minotaur
    18 | D:1      | Noticed a merfolk
    20 | D:1      | Noticed a vampire
    20 | D:1      | Noticed an ogre
    22 | D:1      | Noticed a troll
    25 | D:1      | Noticed a minotaur
    25 | D:1      | Noticed a ghoul
    27 | D:1      | Noticed a merfolk
    27 | D:1      | Noticed a meteoran
    42 | D:1      | Reached skill level 1 in Fighting
    73 | D:1      | Found a faded altar of an unknown god.
    87 | D:1      | Reached XP level 2. HP: 26/27 MP: 1/1
   139 | D:1      | Found Lolum's Armour Shop.
   451 | D:2      | Reached XP level 3. HP: 33/33 MP: 2/2
   521 | D:2      | Noticed Robin
   534 | D:2      | Reached XP level 4. HP: 26/41 MP: 3/3
   536 | D:2      | Killed Robin
   538 | D:2      | HP: 2/41 [quokka (3)]
   540 | D:2      | Slain by a goblin

Illustrated notes

Levels and vault maps discovered:
D:1:      kb_arrival_jail, layout_basic, serial_shops, shop_fountains,
          hellmonk_ecumenical_altar_lost_god, minmay_worlds_worst_comb
D:2:      layout_basic, serial_shops, nicolae_shop_pleasant_corner_grove, shop,
          nicolae_shop_window_shopping, shop, basic_altar, uniq_terence,
          uniq_robin

Skill      XL: |  1  2 |
---------------+-------+-----
Fighting       | 1 |  1.5
Dodging        | 2 |  2.3
Armour         | |  0.6
Unarmed Combat | |  3.6
Shapeshifting  | |  3.2

Action                     |  1- 3 |  4- 6 || total
---------------------------+-------+-------++-------
  Melee: Unarmed           |    69 |     4 ||    73
         Punch             |     1 |     1 ||     2
    Use: Potion            |       |     1 ||     1
   Stab: Sleeping          |     1 |       ||     1
 Armour: Animal skin       |    48 |    11 ||    59
         Skin              |       |     6 ||     6
  Dodge: Dodged            |    31 |     7 ||    38
   Form: Beast             |     1 |       ||     1

Table legend: (Time is in decaauts)
 A = Elapsed time spent in this place.
 B = Non-inter-level travel time spent in this place.
 C = Inter-level travel time spent in this place.
 D = Time resting spent in this place.
 E = Time spent auto-exploring this place.
 F = Levels seen in this place.
 G = Mean time per level.
                   A        B        C        D        E       F      G
               +--------+--------+--------+--------+--------+-----+--------+
         Total |    535 |    535 |      0 |      0 |    351 |   2 |  267.5 |
       Dungeon |    535 |    535 |      0 |      0 |    351 |   2 |  267.5 |
               +--------+--------+--------+--------+--------+-----+--------+

Top non-repeatable levels by time:
     D:1: 430 daAuts
     D:2: 104 daAuts
